TOP OF THE 1ST |
St. Louis (WIN) Cardinals batting - Pitching for Washington (WIN) Nationals : LHP Mike Tracy
|
Pitching: LHP Mike Tracy
|
|
Batting: RHB Tim Nettles
|
0-0: Called Strike 0-1: Ball 1-1: Foul Ball, location: 2F 1-2: Ball 2-2: Foul Ball, location: 2F 2-2: Ball 3-2: Fly out, F9 (Flyball, 9, EV 93.1 MPH)
|
Batting: RHB Danny Gallo
|
0-0: Called Strike 0-1: Called Strike 0-2: Strikes out swinging
|
Batting: LHB Tom Butterbaugh
|
0-0: Ball 1-0: Ball 2-0: Ball 3-0: Base on Balls
|
Batting: RHB Klaas Meij
|
0-0: Ball 1-0: Swinging Strike 1-1: Called Strike 1-2: Ball 2-2: Strikes out swinging
|
Top of the 1st over - 0 runs, 0 hits, 0 errors, 1 left on base; St. Louis (WIN) 0 - Washington (WIN) 0 |
BOTTOM OF THE 1ST |
Washington (WIN) Nationals batting - Pitching for St. Louis (WIN) Cardinals : RHP Danny Romero
|
Pitching: RHP Danny Romero
|
|
Batting: LHB Dillon Gonzalez
|
0-0: Foul Ball, location: 2F 0-1: Ball 1-1: Ground out 4-3 (Groundball, 4, EV 83.1 MPH)
|
Batting: SHB Alex Ethridge
|
0-0: Fly out, F7 (Flyball, 7S, EV 78.1 MPH)
|
Batting: LHB Sidney Pedder
|
0-0: Called Strike 0-1: Foul Ball, location: 2F 0-2: Ball 1-2: Foul Ball, location: 2F 1-2: Ball 2-2: Fly out, F8 (Line Drive, 8RM, EV 100.0 MPH)
|
Bottom of the 1st over - 0 runs, 0 hits, 0 errors, 0 left on base; St. Louis (WIN) 0 - Washington (WIN) 0 |
TOP OF THE 2ND |
St. Louis (WIN) Cardinals batting - Pitching for Washington (WIN) Nationals : LHP Mike Tracy
|
Batting: LHB Tim Olsen
|
0-0: Ball 1-0: Ball 2-0: Called Strike 2-1: Foul Ball, location: 2F 2-2: Strikes out looking
|
Batting: RHB Travis Leonard
|
0-0: Ball 1-0: DOUBLE (Flyball, 5D, EV 90.0 MPH)
|
Batting: LHB Jesus Ramirez
|
0-0: Called Strike 0-1: Fly out, F5 (Popup, 6S, EV 69.4 MPH)
|
Batting: LHB Shigeru Ono
|
0-0: Called Strike 0-1: Fly out, F7 (Flyball, 7D, EV 92.5 MPH)
|
Top of the 2nd over - 0 runs, 1 hit, 0 errors, 1 left on base; St. Louis (WIN) 0 - Washington (WIN) 0 |
BOTTOM OF THE 2ND |
Washington (WIN) Nationals batting - Pitching for St. Louis (WIN) Cardinals : RHP Danny Romero
|
Batting: LHB Dana McDonald
|
0-0: Ball 1-0: Ball 2-0: Called Strike 2-1: Ground out U3 (Groundball, 34, EV 85.6 MPH)
|
Batting: RHB Donovan Auclair
|
0-0: Called Strike 0-1: Called Strike 0-2: Ground out 6-3 (Groundball, 6, EV 87.5 MPH)
|
Batting: LHB Erik Beezley
|
0-0: Ball 1-0: Ball 2-0: Foul Ball, location: 2F 2-1: Foul Ball, location: 2F 2-2: Ball 3-2: Strikes out looking
|
Bottom of the 2nd over - 0 runs, 0 hits, 0 errors, 0 left on base; St. Louis (WIN) 0 - Washington (WIN) 0 |
TOP OF THE 3RD |
St. Louis (WIN) Cardinals batting - Pitching for Washington (WIN) Nationals : LHP Mike Tracy
|
Batting: RHB Josh Lyon
|
0-0: Ball 1-0: Called Strike 1-1: Ball 2-1: SINGLE (Flyball, 5D, EV 85.0 MPH)
|
Batting: RHB Tim Nettles
|
0-0: Called Strike 0-1: Ball 1-1: Swinging Strike 1-2: Foul Ball, location: 2F 1-2: Strikes out swinging
|
Batting: RHB Danny Gallo
|
0-0: Called Strike 0-1: Foul Ball, location: 2F 0-2: Ball 1-2: SINGLE (Groundball, 6D, EV 96.2 MPH) Josh Lyon to second
|
Batting: LHB Tom Butterbaugh
|
0-0: Foul Ball, location: 2F 0-1: Ball 1-1: Ball 2-1: Foul Ball, location: 2F 2-2: Foul Ball, location: 2F 2-2: SINGLE (Line Drive, 6MD, EV 96.9 MPH) Josh Lyon to third Danny Gallo to second
|
Batting: RHB Klaas Meij
|
0-0: Ball 1-0: Called Strike 1-1: Hit by Pitch Josh Lyon scores Danny Gallo to third Tom Butterbaugh to second
|
Batting: LHB Tim Olsen
|
0-0: Ball 1-0: Called Strike 1-1: Fly out, F8 (Flyball, 8RM, EV 86.2 MPH) Runner from 3rd tags up, SCORES, throw by CF Tom Butterbaugh to third
|
Batting: RHB Travis Leonard
|
0-0: Ball 1-0: Called Strike 1-1: SINGLE (Line Drive, 56D, EV 109.4 MPH) Tom Butterbaugh scores Klaas Meij to second
|
Batting: LHB Jesus Ramirez
|
0-0: Called Strike 0-1: Swinging Strike 0-2: Ground out 5-3 (Groundball, 56, EV 97.5 MPH)
|
Top of the 3rd over - 3 runs, 4 hits, 0 errors, 2 left on base; St. Louis (WIN) 3 - Washington (WIN) 0 |
BOTTOM OF THE 3RD |
Washington (WIN) Nationals batting - Pitching for St. Louis (WIN) Cardinals : RHP Danny Romero
|
Batting: RHB Pat Drader
|
0-0: Called Strike 0-1: Swinging Strike 0-2: Ball 1-2: Ball 2-2: Strikes out swinging
|
Batting: RHB Deshawn Boseman
|
0-0: Ball 1-0: Swinging Strike 1-1: Ground out 6-3 (Groundball, 6, EV 90.6 MPH)
|
Batting: RHB Jim Towle
|
0-0: Ball 1-0: Ball 2-0: Ball 3-0: Base on Balls
|
Batting: LHB Dillon Gonzalez
|
0-0: Ball 1-0: Foul Ball, location: 2F 1-1: Ball 2-1: Swinging Strike 2-2: Fly out, F4 (Popup, 34, EV 60.0 MPH)
|
Bottom of the 3rd over - 0 runs, 0 hits, 0 errors, 1 left on base; St. Louis (WIN) 3 - Washington (WIN) 0 |
TOP OF THE 4TH |
St. Louis (WIN) Cardinals batting - Pitching for Washington (WIN) Nationals : LHP Mike Tracy
|
Batting: LHB Shigeru Ono
|
0-0: Swinging Strike 0-1: Foul Ball, location: 2F 0-2: Ball 1-2: Ball 2-2: SINGLE (Groundball, 6MD, EV 104.4 MPH)
|
Batting: RHB Josh Lyon
|
0-0: Called Strike 0-1: Ball Pickoff Throw to First - Out! 1-3 1-1: Swinging Strike 1-2: Ball 2-2: Foul Ball, location: 2F 2-2: SOLO HOME RUN (Flyball, 78XD, EV 105.6 MPH), Distance : 397 ft
|
Batting: RHB Tim Nettles
|
0-0: Called Strike 0-1: Fly out, F9 (Flyball, 9LD, EV 101.2 MPH)
|
Batting: RHB Danny Gallo
|
0-0: Swinging Strike 0-1: Called Strike 0-2: Strikes out swinging
|
Top of the 4th over - 1 run, 2 hits, 0 errors, 0 left on base; St. Louis (WIN) 4 - Washington (WIN) 0 |
BOTTOM OF THE 4TH |
Washington (WIN) Nationals batting - Pitching for St. Louis (WIN) Cardinals : RHP Danny Romero
|
Batting: SHB Alex Ethridge
|
0-0: Ball 1-0: Foul Ball, location: 2F 1-1: Foul Ball, location: 2F 1-2: Strikes out looking
|
Batting: LHB Sidney Pedder
|
0-0: Called Strike 0-1: Ball 1-1: Called Strike 1-2: Ball 2-2: Strikes out looking
|
Batting: LHB Dana McDonald
|
0-0: Ball 1-0: Foul Ball, location: 2F 1-1: Ball 2-1: Ball 3-1: Base on Balls
|
Batting: RHB Donovan Auclair
|
0-0: Called Strike 0-1: Ball 1-1: Called Strike Dana McDonald is caught stealing 2nd base 2-4
|
Bottom of the 4th over - 0 runs, 0 hits, 0 errors, 0 left on base; St. Louis (WIN) 4 - Washington (WIN) 0 |
TOP OF THE 5TH |
St. Louis (WIN) Cardinals batting - Pitching for Washington (WIN) Nationals : LHP Mike Tracy
|
Batting: LHB Tom Butterbaugh
|
0-0: Called Strike 0-1: Ball 1-1: Ball 2-1: Foul Ball, location: 2F 2-2: Ball 3-2: SINGLE (Groundball, 4MD, EV 95.6 MPH)
|
Batting: RHB Klaas Meij
|
0-0: Called Strike 0-1: Fly out, F8 (Line Drive, 8LD, EV 95.0 MPH)
|
Batting: LHB Tim Olsen
|
0-0: Ball 1-0: Ball 2-0: Called Strike 2-1: Grounds into double play, 4-6-3 (Groundball, 34, EV 111.2 MPH)
|
Top of the 5th over - 0 runs, 1 hit, 0 errors, 0 left on base; St. Louis (WIN) 4 - Washington (WIN) 0 |
BOTTOM OF THE 5TH |
Washington (WIN) Nationals batting - Pitching for St. Louis (WIN) Cardinals : RHP Danny Romero
|
Batting: RHB Donovan Auclair
|
0-0: Ball 1-0: Foul Ball, location: 2F 1-1: SINGLE (Groundball, P, EV 90.6 MPH) (infield hit)
|
Batting: LHB Erik Beezley
|
0-0: Called Strike 0-1: Ball 1-1: Ball 2-1: Swinging Strike 2-2: Ball 3-2: SINGLE (Line Drive, 4D, EV 110.0 MPH) Donovan Auclair to second
|
Batting: RHB Pat Drader
|
0-0: Ball 1-0: Fielders Choice at 2nd, 1-4 (Groundball, 25, EV 67.5 MPH) Donovan Auclair to third
|
Batting: RHB Deshawn Boseman
|
0-0: Called Strike 0-1: Ball 1-1: Ball 2-1: Ball 3-1: Called Strike 3-2: SINGLE (Line Drive, 4D, EV 110.0 MPH) Donovan Auclair scores Pat Drader to second
|
Batting: RHB Jim Towle
|
0-0: Ball 1-0: Swinging Strike 1-1: Ball 2-1: Foul Ball, location: 2F 2-2: Foul Ball, location: 2F 2-2: Foul Ball, location: 2F 2-2: Ball 3-2: Strikes out swinging
|
Batting: LHB Dillon Gonzalez
|
0-0: Called Strike 0-1: 3-RUN HOME RUN (Flyball, 9D, EV 100.6 MPH), Distance : 393 ft
|
Batting: SHB Alex Ethridge
|
0-0: Swinging Strike 0-1: Bunt for hit to 5S - play at first, batter OUT! 5-3
|
Bottom of the 5th over - 4 runs, 4 hits, 0 errors, 0 left on base; St. Louis (WIN) 4 - Washington (WIN) 4 |
TOP OF THE 6TH |
St. Louis (WIN) Cardinals batting - Pitching for Washington (WIN) Nationals : LHP Mike Tracy
|
Pitching: RHP Bill Stump
|
|
Batting: RHB Travis Leonard
|
0-0: Swinging Strike 0-1: Ball 1-1: Swinging Strike 1-2: Strikes out looking
|
Pitching: LHP Mike Alcaraz
|
|
Batting: LHB Jesus Ramirez
|
0-0: Called Strike 0-1: Called Strike 0-2: Foul Ball, location: 2F 0-2: Ground out 4-3 (Groundball, 4, EV 107.5 MPH)
|
Batting: LHB Shigeru Ono
|
0-0: Ball 1-0: Called Strike 1-1: Called Strike 1-2: Fly out, F9 (Flyball, 9LM, EV 98.1 MPH)
|
Top of the 6th over - 0 runs, 0 hits, 0 errors, 0 left on base; St. Louis (WIN) 4 - Washington (WIN) 4 |
BOTTOM OF THE 6TH |
Washington (WIN) Nationals batting - Pitching for St. Louis (WIN) Cardinals : RHP Danny Romero
|
Batting: LHB Sidney Pedder
|
0-0: Ball 1-0: Fly out, F9 (Flyball, 9LS, EV 90.0 MPH)
|
Batting: LHB Dana McDonald
|
0-0: Ball 1-0: Ground out 4-3 (Groundball, 34, EV 86.2 MPH)
|
Batting: RHB Donovan Auclair
|
0-0: Called Strike 0-1: Foul Ball, location: 2F 0-2: Ball 1-2: Strikes out swinging
|
Bottom of the 6th over - 0 runs, 0 hits, 0 errors, 0 left on base; St. Louis (WIN) 4 - Washington (WIN) 4 |
TOP OF THE 7TH |
St. Louis (WIN) Cardinals batting - Pitching for Washington (WIN) Nationals : LHP Mike Alcaraz
|
Batting: RHB Josh Lyon
|
0-0: SOLO HOME RUN (Flyball, 89XD, EV 100.0 MPH), Distance : 391 ft
|
Batting: RHB Tim Nettles
|
0-0: Ball 1-0: Ball 2-0: Ball 3-0: Called Strike 3-1: Foul Ball, location: 2F 3-2: SINGLE (Line Drive, 89S, EV 107.5 MPH)
|
Batting: RHB Danny Gallo
|
0-0: Reached on error, E3 (Groundball, 3S, EV 43.8 MPH) Tim Nettles to second
|
Batting: LHB Tom Butterbaugh
|
0-0: Ball 1-0: Ball 2-0: Ball 3-0: Called Strike 3-1: Base on Balls Tim Nettles to third Danny Gallo to second
|
Batting: RHB Klaas Meij
|
0-0: Ball 1-0: Called Strike 1-1: Ball 2-1: Ball 3-1: Foul Ball, location: 2F 3-2: Hit by Pitch Tim Nettles scores Danny Gallo to third Tom Butterbaugh to second
|
Batting: LHB Tim Olsen
|
0-0: Called Strike 0-1: Swinging Strike 0-2: Strikes out looking
|
Pitching: RHP Alpha Miller
|
|
Batting: RHB Travis Leonard
|
0-0: Ball 1-0: Ball 2-0: Swinging Strike 2-1: Called Strike 2-2: Foul Ball, location: 2F 2-2: Strikes out swinging
|
Batting: LHB Jesus Ramirez
|
0-0: Called Strike 0-1: Swinging Strike 0-2: Strikes out swinging
|
Top of the 7th over - 2 runs, 2 hits, 1 error, 3 left on base; St. Louis (WIN) 6 - Washington (WIN) 4 |
BOTTOM OF THE 7TH |
Washington (WIN) Nationals batting - Pitching for St. Louis (WIN) Cardinals : RHP Danny Romero
|
Batting: LHB Erik Beezley
|
0-0: Ball 1-0: Ball 2-0: Ball 3-0: Base on Balls
|
Pitching: RHP Matt Hamm
|
|
Batting: RHB Pat Drader
|
0-0: SINGLE (Groundball, 4MD, EV 108.8 MPH) Erik Beezley to second
|
Batting: RHB Deshawn Boseman
|
0-0: Ball Wild Pitch! Erik Beezley to third Pat Drader to second 1-0: Foul Ball, location: 2F 1-1: Foul Ball, location: 2F 1-2: Strikes out swinging
|
Batting: RHB Jim Towle
|
0-0: Ball 1-0: Foul Ball, location: 2F 1-1: Ball 2-1: Called Strike 2-2: Ball 3-2: Strikes out swinging
|
Batting: LHB Dillon Gonzalez
|
0-0: Ball 1-0: Ball 2-0: Ball 3-0: Base on Balls
|
Batting: SHB Alex Ethridge
|
0-0: Ball 1-0: Foul Ball, location: 2F 1-1: Called Strike 1-2: Ball 2-2: Ball 3-2: Strikes out swinging
|
Bottom of the 7th over - 0 runs, 1 hit, 0 errors, 3 left on base; St. Louis (WIN) 6 - Washington (WIN) 4 |
TOP OF THE 8TH |
St. Louis (WIN) Cardinals batting - Pitching for Washington (WIN) Nationals : RHP Alpha Miller
|
Batting: LHB Shigeru Ono
|
0-0: Foul Ball, location: 2F 0-1: Ball 1-1: Ball 2-1: Foul Ball, location: 2F 2-2: Ball 3-2: Foul Ball, location: 2F 3-2: Foul Ball, location: 2F 3-2: Base on Balls
|
Batting: RHB Josh Lyon
|
0-0: Foul Ball, location: 2F 0-1: Ball 1-1: Foul Ball, location: 2F 1-2: Strikes out swinging
|
Batting: RHB Tim Nettles
|
0-0: Called Strike 0-1: Ball 1-1: Ball 2-1: Foul Ball, location: 2F 2-2: Ball 3-2: Strikes out looking
|
Batting: RHB Danny Gallo
|
0-0: Fielders Choice at 2nd, 6-4 (Groundball, 56, EV 86.2 MPH)
|
Top of the 8th over - 0 runs, 0 hits, 0 errors, 1 left on base; St. Louis (WIN) 6 - Washington (WIN) 4 |
BOTTOM OF THE 8TH |
Washington (WIN) Nationals batting - Pitching for St. Louis (WIN) Cardinals : RHP Matt Hamm
|
Pitching: LHP Sid DeSensi
|
|
Batting: LHB Sidney Pedder
|
0-0: Called Strike 0-1: Foul Ball, location: 2F 0-2: Ball 1-2: Foul Ball, location: 2F 1-2: Ball 2-2: Ground out U3 (Groundball, 3L, EV 85.0 MPH)
|
Pinch Hitting: RHB Ryan Hiemer
|
0-0: Ball 1-0: Swinging Strike 1-1: Ball 2-1: Swinging Strike 2-2: Strikes out swinging
|
Pitching: RHP El-Shamy Saami
|
|
Batting: RHB Donovan Auclair
|
0-0: Ball 1-0: Ball 2-0: Called Strike 2-1: Called Strike 2-2: Strikes out swinging
|
Bottom of the 8th over - 0 runs, 0 hits, 0 errors, 0 left on base; St. Louis (WIN) 6 - Washington (WIN) 4 |
TOP OF THE 9TH |
St. Louis (WIN) Cardinals batting - Pitching for Washington (WIN) Nationals : RHP Alpha Miller
|
Pitching: RHP Ruben Nevarel
|
|
Now at 1B: Ryan Hiemer
|
|
Now at 3B: Donovan Auclair
|
|
Batting: LHB Tom Butterbaugh
|
0-0: Ball 1-0: Foul Ball, location: 2F 1-1: Foul Ball, location: 2F 1-2: Ball 2-2: TRIPLE (Flyball, 89XD, EV 91.9 MPH)
|
Batting: RHB Klaas Meij
|
0-0: Ball 1-0: Fly out, F8 (Flyball, 89M, EV 83.8 MPH) Runner from 3rd tags up, SCORES, throw by CF
|
Batting: LHB Tim Olsen
|
0-0: Called Strike 0-1: Ground out 4-3 (Groundball, 4, EV 85.0 MPH)
|
Batting: RHB Travis Leonard
|
0-0: Called Strike 0-1: Ball 1-1: Ball 2-1: Fly out, F7 (Flyball, 78M, EV 80.6 MPH)
|
Top of the 9th over - 1 run, 1 hit, 0 errors, 0 left on base; St. Louis (WIN) 7 - Washington (WIN) 4 |
BOTTOM OF THE 9TH |
Washington (WIN) Nationals batting - Pitching for St. Louis (WIN) Cardinals : RHP El-Shamy Saami
|
Batting: LHB Erik Beezley
|
0-0: Ground out U3 (Groundball, 3D, EV 88.1 MPH)
|
Batting: RHB Pat Drader
|
0-0: Called Strike 0-1: Ground out 4-3 (Groundball, 4, EV 88.1 MPH)
|
Batting: RHB Deshawn Boseman
|
0-0: Ball 1-0: Fly out, F9 (Flyball, 9LM, EV 91.9 MPH)
|
Bottom of the 9th over - 0 runs, 0 hits, 0 errors, 0 left on base; St. Louis (WIN) 7 - Washington (WIN) 4 |
|